 Dungeon Crawl Stone Soup version 0.28-a0-779-g3d1f99b579 (webtiles) character file.

Game seed: 9769144086222835560

115446 Impy the Spry (level 16, -6/134 HPs)
             Began as a Demonspawn Gladiator on Nov 2, 2021.
             Was the Champion of Okawaru.
             Shot with an arrow by a deep elf archer (23 damage)
             ... on level 2 of the Elven Halls.
             The game lasted 01:46:56 (24241 turns).

Impy the Spry (Demonspawn Gladiator)               Turns: 24241, Time: 01:46:56

Health: -6/134     AC:  9    Str: 27    XL:     16   Next: 18%
Magic:  28/28      EV: 22    Int: 16    God:    Okawaru [******]
Gold:   1638       SH: 18    Dex: 19    Spells: 31/31 levels left

rFire   + + .      SeeInvis .   D - +9 falchion (freeze)
rCold   + + .      Faith    .   l - +0 buckler "Angyvir" {Fly rC+}
rNeg    + . .      Spirit   .   H - +1 troll leather armour
rPois   .          Reflect  +   L - +2 hat
rElec   +          Harm     .   V - scarf {rC+ rF+}
rCorr   .          Rampage  .   F - +1 pair of gloves {Stlth+}
Will    +....                   (boots unavailable)
Stlth   ++........              e - amulet of Xom's Bemusement {Reflect rElec rN+ Int+6 SH+5}
HPRegen 1.32/turn               v - +6 ring of strength
MPRegen 0.21/turn               q - +6 ring of strength

@: lethally poisoned (-6 -> -7), flying, hasted, very quick
A: hooves 3, large bone plates 2, ignite blood 2, demonic magic 2, fire
resistance 1, weak 1
a: Renounce Religion, Heroism, Finesse, Duel


You were on level 2 of the Elven Halls.
You worshipped Okawaru.
Okawaru was exalted by your worship.
You visited 6 branches of the dungeon, and saw 27 of its levels.
You also visited: Ice Cave and Volcano.

You collected 2949 gold pieces.
You spent 1311 gold pieces at shops.

Inventory:

Hand Weapons
 z - a +0 scimitar of flaming
 C - a +0 scimitar of electrocution
 D - a +9 falchion of freezing (weapon)
 N - a +4 great sword of flaming
 X - a +4 vampiric falchion
Missiles
 R - 4 throwing nets (quivered)
Armour
 a - the +1 ice dragon scales of the Lobster {rElec rF- rC++ Stlth+}
   (You found it in an ice cave)

   rF:        It makes you vulnerable to fire.
   rC:        It greatly protects you from cold.
   rElec:     It insulates you from electricity.
   Stlth:     It makes you more stealthy.
 d - the +0 leather armour "Maesoet" {Dex+4}
   (You bought it in a shop on level 2 of the Orcish Mines)

   Dex:       It affects your dexterity (+4).
 h - a +2 kite shield
 j - a +2 buckler of reflection
 l - the +0 buckler "Angyvir" (worn) {Fly rC+}
   (Okawaru gifted it to you on level 4 of the Lair of Beasts)

   rC:        It protects you from cold.
   Fly:       It grants you flight.
 A - a +2 tower shield of reflection
 F - a +1 pair of gloves of stealth (worn)
 H - a +1 troll leather armour (worn)
 L - a +2 hat (worn)
 M - the +0 tower shield of Tuenlen {Harm Int+2 Dex-5 Stlth+}
   (Okawaru gifted it to you in a volcano)

   Int:       It affects your intelligence (+2).
   Dex:       It affects your dexterity (-5).
   Harm:      It increases damage dealt and taken.
   Stlth:     It makes you more stealthy.
 P - a +2 cloak of fire resistance
 V - a scarf of resistance (worn)
 Y - a +0 scale mail of willpower
 Z - a +2 robe of fire resistance
Jewellery
 e - the amulet of Xom's Bemusement (around neck) {Reflect rElec rN+ Int+6 SH+5}
   (You bought it in a shop on level 2 of the Orcish Mines)

   [amulet of reflection]

   It reflects blocked missile attacks.
   Int:       It affects your intelligence (+6).
   rElec:     It insulates you from electricity.
   rN:        It protects you from negative energy.
   SH:        It affects your SH (+5).
 g - the ring of Happiness {Contam Fly rF+ AC+4 Dex+3}
   (You found it on level 1 of the Elven Halls)

   [ring of protection]

   AC:        It affects your AC (+4).
   Dex:       It affects your dexterity (+3).
   rF:        It protects you from fire.
   Fly:       It grants you flight.
   Contam:    It causes magical contamination when unequipped.
 m - an amulet of regeneration
 o - a ring of resist corrosion
 q - a +6 ring of strength (right hand)
 r - the ring of the Mage {Wiz Will++ Int+3}
   (You found it in an ice cave)

   [ring of wizardry]

   It improves your spell success rate.
   Int:       It affects your intelligence (+3).
   Will:      It greatly increases your willpower.
 v - a +6 ring of strength (left hand)
 E - a ring of see invisible
Wands
 s - a wand of polymorph (11)
 t - a wand of iceblast (17)
 u - a wand of paralysis (18)
 G - a wand of flame (28)
 I - a wand of digging (12)
 Q - a wand of acid (22)
Scrolls
 c - a scroll of enchant armour
 f - 3 scrolls of fog
 k - 21 scrolls of identify
 w - a scroll of brand weapon
 x - a scroll of fear
 y - 5 scrolls of teleportation
 B - a scroll of amnesia
 K - a scroll of magic mapping
Potions
 b - 3 potions of invisibility
 i - 10 potions of ambrosia
 n - 4 potions of curing
 S - 5 potions of haste
 T - 2 potions of brilliance
 U - 5 potions of might
 W - a potion of resistance
Miscellaneous
 p - a piece from Xom's chessboard (15/15)


   Skills:
 - Level 14.3 Fighting
 - Level 14.0 Long Blades
 - Level 1.7 Throwing
 + Level 15.6 Dodging
 + Level 9.8 Shields
 + Level 8.2 Spellcasting


You had 31 spell levels left.
You didn't know any spells.
Your spell library contained the following spells:

 Spells                   Type           Power      Damage    Failure   Level
 Beastly Appendage        Tmut           12%        N/A       12%         1
 Pain                     Necr           24%        1d5       12%         1
 Slow                     Hex            24%        N/A       12%         1
 Sting                    Tmut/Pois      24%        1d4       12%         1
 Corpse Rot               Necr/Air       12%        N/A       19%         2
 Poisonous Vapours        Pois/Air       12%        N/A       19%         2
 Sublimation of Blood     Necr           6%         N/A       19%         2
 Wereblood                Tmut           6%         N/A       19%         2
 Confusing Touch          Hex            6%         N/A       36%         3
 Portal Projectile        Hex/Tloc       12%        N/A       36%         3
 Spider Form              Tmut/Pois      6%         N/A       36%         3
 Vampiric Draining        Necr           6%         2d6       36%         3
 Dispel Undead            Necr           6%         3d8       77%         4
 Leda's Liquefaction      Hex/Erth       3%         N/A       77%         4
 Olgreb's Toxic Radiance  Pois           6%         N/A       77%         4
 Petrify                  Tmut/Erth      6%         N/A       77%         4
 Agony                    Necr           6%         N/A       98%         5
 Excruciating Wounds      Necr           3%         N/A       98%         5
 Freezing Cloud           Conj/Ice/Air   3%         6-21      98%         5
 Irradiate                Conj/Tmut      3%         3d14      98%         5
 Polar Vortex             Ice            3%         N/A       100%        9
 Call Canine Familiar     Summ           Unusable   N/A       N/A         3
 Death Channel            Necr           Unusable   N/A       N/A         6
 Simulacrum               Ice/Necr       Unusable   N/A       N/A         6

Dungeon Overview and Level Annotations

Branches:
Dungeon (15/15)            Temple (1/1) D:5            Lair (6/6) D:9
  Swamp (1/4) Lair:2        Snake (0/4) Lair:3        Slime (0/5) Lair:6
    Orc (2/2) D:9             Elf (2/3) Orc:2        Vaults (0/5) D:13
 Depths (0/4) D:15          IceCv (visited)         Volcano (visited)

Altars:
Ashenzari
Cheibriados
Elyvilon
Fedhas
Gozag
Hepliaklqana
Kikubaaqudgha
Nemelex Xobeh
Okawaru
Ru
Trog
Uskayaw
Vehumet
Xom
Zin
The Shining One
Beogh
Lugonu

Shops:
D:3 !   D:4 *   D:6 !   D:9 ?   D:11 ??   D:14 =((*[   Orc:2 *([[   Elf:1 (

Portals:
Abyss: Lair:6

Annotations:
D:2 Sigmund
Lair:4 Sonja


Innate Abilities, Weirdness & Mutations

You have hooves in place of feet.
You are mostly covered in large bone plates. (SH +6)
Your demonic aura often causes spilled blood to erupt in flames.
Spells you cast may paralyse nearby enemies.
Your flesh is heat resistant. (rF+)
You are weak. (Str -2)


Message History

You are more poisoned.
You feel very sick.
You feel very sick.
The +1 trident of venom is engulfed in blazing flames.
The +1 trident of venom hits you from afar!
* * * LOW HITPOINT WARNING * * *
As you read the scroll of fog, it crumbles to dust.
The scroll dissolves into smoke.
You feel very sick.
The +1 trident of venom is engulfed in blazing flames.
You block the +1 trident of venom's attack.
You feel better.
The +1 trident of venom is engulfed in blazing flames.
The +1 trident of venom hits you from afar!
* * * LOW HITPOINT WARNING * * *
You are poisoned.
Something closely misses you.
The +1 trident of venom is engulfed in blazing flames.
The +1 trident of venom barely misses you.
You feel yourself speed up.
You feel very sick.
You hear some strange, mumbled words.
A lance of force appears from out of thin air!
The lance of force reflects off an invisible shield around you!
The lance of force hits the +1 trident of venom!
Okawaru accepts your kill.
You feel a bit more experienced. Something barely misses you.
You feel sick.
You feel sick.
You feel sick.
The sentinel's mark upon you fades away.
You feel sick.
You feel sick.
You feel sick.
A deep elf archer comes into view. It is wielding a +0 short sword.
The deep elf archer shouts!
The deep elf archer unwields a +0 short sword.
The deep elf archer wields a +0 longbow.
The deep elf archer shoots an arrow.
The arrow hits you!!
You die...

##.###.....##
###e####...##
##....####+##
#......#
+......#
#......+
##.....##
##.))...#
####..@....#
#..'.......#
####.......+
#.......#
#..§§§§.#
###§§§§§.#
#.§§§§#+##
###.§§§§#
#.'.§§§§+


You could see a deep elf archer (repels missiles).

Vanquished Creatures
  Rupert (Lair:4)
  Gastronok (Lair:2)
  An orc warlord (Orc:2)
  An emperor scorpion (D:15)
  A deep elf demonologist (Elf:1)
  A white draconian (IceCv)
  A dire elephant (D:15)
  A deep elf death mage (Elf:1)
  Josephine (D:10)
  A deep elf high priest (Elf:1)
  Harold (Lair:2)
  A catoblepas (Lair:4)
  3 boulder beetles
  5 centaur warriors
  5 hydras
  Erica (D:8)
  2 two-headed ogres
  4 dancing weapons
  5 orc high priests
  4 death yaks (Lair:6)
  2 tengu warriors
  3 thrashing horrors (Lair:6)
  A shock serpent (shapeshifter) (D:13)
  A deep elf knight (Elf:1)
  Nergalle (Lair:2)
  5 skeletal warriors
  A death drake (shapeshifter) (D:13)
  4 deep elf archers
  9 deep elf zephyrmancers
  5 cyclopes
  18 ugly things
  3 orc knights (Orc:2)
  A harpy (shapeshifter) (D:15)
  2 oklob plants
  4 orc sorcerers
  9 deep elf pyromancers
  8 manticores
  A necromancer (D:15)
  An elephant (shapeshifter) (D:14)
  A salamander (D:15)
  A toenail golem (Volcano)
  Joseph (D:10)
  2 ice statues (IceCv)
  3 black mambas
  3 elephants (Lair:5)
  2 gargoyles (Volcano)
  10 rime drakes
  11 cane toads
  2 ice devils (D:13)
  A kobold demonologist (D:12)
  A freezing wraith (D:9)
  2 unseen horrors
  8 komodo dragons
  An ancient zyme (Lair:6)
  8 trolls
  2 trolls (shapeshifter) (Lair:6)
  9 polar bears
  A queen bee (Lair:1)
  A merfolk (D:15)
  A hornet (Lair:5)
  3 meliai (D:15)
  A blink frog (shapeshifter) (D:9)
  Prince Ribbit (D:7)
  A harpy skeleton (Volcano)
  6 slime creatures (D:13)
  29 blink frogs
  A snapping turtle (shapeshifter) (D:13)
  An air elemental (Elf:1)
  A vampire (D:12)
  6 water elementals
  6 wraiths
  3 flying skulls (Volcano)
  3 spriggans
  4 large abominations (Lair:6)
  2 alligator skeletons (Volcano)
  4 wyverns
  A fire elemental (Elf:1)
  A hog (shapeshifter) (D:14)
  3 shadows
  2 ynoxinuls (Lair:6)
  Eustachio (D:6)
  26 yaks
  4 basilisks
  A redback simulacrum (D:15)
  A steam dragon (D:10)
  4 vampire mosquitoes (D:12)
  3 chaos spawn (Lair:6)
  Grum (D:8)
  6 wargs
  4 nagas (Lair:3)
  3 acid dragons
  9 water moccasins
  2 sky beasts (D:7)
  29 orc warriors
  A hornet zombie (D:5)
  A necrophage (D:6)
  3 black bears
  28 wolves
  13 centaurs
  6 ogres
  3 boggarts (D:14)
  A phantom (D:5)
  2 kobold brigands
  11 bullfrogs
  2 scorpions
  A water moccasin skeleton (D:5)
  30 killer bees
  5 lindwurm simulacra (IceCv)
  13 wights
  A howler monkey (D:12)
  A spriggan skeleton (Volcano)
  A troll skeleton (Volcano)
  3 electric eels
  A lava snake (D:14)
  10 small abominations (Lair:6)
  3 centaur zombies
  6 komodo dragon simulacra (IceCv)
  2 hounds
  2 jellies
  Crazy Yiuf (D:2)
  3 bullfrog skeletons
  14 orc priests
  An iguana (D:7)
  A scorpion zombie (D:5)
  19 orc wizards
  7 hell rats (Lair:5)
  4 polar bear simulacra (D:15)
  2 yak simulacra (D:15)
  5 wolf simulacra (D:15)
  2 centaur simulacra
  2 hound zombies (D:5)
  Robin (D:2)
  2 howler monkey zombies
  2 adders (D:5)
  9 gnolls
  5 acid dragon simulacra (IceCv)
  A shadow imp (D:7)
  A white imp (D:5)
  An ufetubus (D:4)
  5 steam dragon simulacra (IceCv)
  3 dart slugs
  79 orcs
  7 bats
  2 endoplasms
  8 giant cockroaches
  11 goblins
  9 hobgoblins
  6 jackals
  33 kobolds
  A quokka (D:5)
  8 ball pythons
  3 frilled lizards
  5 rats
  A bush (Lair:6)
778 creatures vanquished.

Vanquished Creatures (others)
  A dancing weapon (Elf:2)
  A rime drake (IceCv)
  2 boggarts (D:14)
  8 fungi
  50 plants
62 creatures vanquished.

Grand Total: 840 creatures vanquished

Notes
Turn   | Place    | Note
-------+----------+-------------------------------------------
     0 | D:1      | Impy the Demonspawn Gladiator began the quest for the Orb.
     0 | D:1      | Reached XP level 1. HP: 16/16 MP: 1/1
   247 | D:1      | Found a faded altar of an unknown god.
   259 | D:1      | Reached skill level 3 in Dodging
   261 | D:1      | Gained mutation: Your demonic aura sometimes causes spilled
                  | blood to erupt in flames. [demonic ancestry]
   261 | D:1      | Reached XP level 2. HP: 22/22 MP: 2/2
   626 | D:1      | Reached XP level 3. HP: 20/27 MP: 3/3
  1139 | D:2      | Noticed Sigmund
  1263 | D:2      | Noticed Robin
  1287 | D:2      | Killed Robin
  1296 | D:2      | Reached skill level 1 in Shields
  1883 | D:2      | Found a runed translucent door.
  1884 | D:2      | Noticed Crazy Yiuf
  1892 | D:2      | Killed Crazy Yiuf
  1893 | D:2      | Reached XP level 4. HP: 33/33 MP: 4/4
  2211 | D:3      | Found Gax Qext's Distillery.
  2282 | D:3      | Bought a potion of heal wounds for 70 gold pieces
  2494 | D:3      | Found an opulent altar of Gozag.
  2646 | D:3      | Gained mutation: You have large cloven feet. [demonic
                  | ancestry]
  2646 | D:3      | Reached XP level 5. HP: 35/38 MP: 5/5
  2870 | D:4      | Found Fuheigh's General Store.
  3014 | D:4      | Noticed a water moccasin
  3034 | D:4      | Killed a water moccasin
  3106 | D:4      | Noticed a centaur
  3127 | D:4      | Killed a centaur
  3128 | D:4      | Gained mutation: Spells you cast may paralyse adjacent
                  | enemies. [demonic ancestry]
  3128 | D:4      | Reached XP level 6. HP: 38/44 MP: 6/6
  3287 | D:4      | Found a sparkling altar of Nemelex Xobeh.
  3633 | D:5      | Entered Level 5 of the Dungeon
  3800 | D:5      | Reached skill level 5 in Long Blades
  3800 | D:5      | Gained mutation: You are partially covered in large bone
                  | plates. (SH +4) [demonic ancestry]
  3800 | D:5      | Reached XP level 7. HP: 35/50 MP: 7/7
  3919 | D:5      | Reached skill level 5 in Shields
  4464 | D:5      | Found an ancient bone altar of Kikubaaqudgha.
  4692 | D:5      | Found a staircase to the Ecumenical Temple.
  4701 | Temple   | Entered the Ecumenical Temple
  4757 | Temple   | Became a worshipper of Warmaster Okawaru
  4873 | D:6      | Found Zyck's Distillery.
  4879 | D:6      | Bought a potion of heal wounds for 60 gold pieces
  4879 | D:6      | Bought a potion of curing for 36 gold pieces
  4879 | D:6      | Bought a potion of heal wounds for 60 gold pieces
  4930 | D:6      | Reached skill level 4 in Dodging
  5076 | D:6      | Noticed Eustachio
  5112 | D:6      | Killed Eustachio
  5113 | D:6      | Reached XP level 8. HP: 43/58 MP: 8/8
  5289 | D:6      | Noticed a white ugly thing
  5696 | D:7      | Noticed Prince Ribbit
  5736 | D:7      | Killed Prince Ribbit
  5736 | D:7      | Reached * piety under Okawaru
  5737 | D:7      | Reached skill level 5 in Dodging
  6223 | D:7      | Reached skill level 5 in Fighting
  6595 | D:7      | Found a blossoming altar of Fedhas.
  7013 | D:6      | Killed a white ugly thing
  7014 | D:6      | Reached skill level 6 in Dodging
  7014 | D:6      | Gained mutation: You are mostly covered in large bone
                  | plates. (SH +6) [demonic ancestry]
  7014 | D:6      | Reached XP level 9. HP: 47/69 MP: 9/9
  7165 | D:6      | Reached ** piety under Okawaru
  8840 | D:8      | Noticed Grum
  8856 | D:8      | Killed Grum
  8857 | D:8      | Reached skill level 7 in Dodging
  8862 | D:8      | Reached *** piety under Okawaru
  8907 | D:8      | Noticed Erica
  8928 | D:8      | Killed Erica
  8928 | D:8      | Reached **** piety under Okawaru
  8929 | D:8      | Reached XP level 10. HP: 41/79 MP: 8/10
  9098 | D:9      | Found Udaoxz Woph's Magic Scroll Shoppe.
  9101 | D:9      | Bought a scroll of brand weapon for 200 gold pieces
  9214 | D:9      | Identified the +10 quarterstaff of Doom {vorpal, Fly Str+6}
  9352 | D:9      | Identified the +6 rapier of Brawling {speed, rC+ rN+}
  9421 | D:9      | Found a staircase to the Orcish Mines.
  9509 | D:9      | Found a staircase to the Lair.
  9527 | D:9      | Found a sacrificial altar of Ru.
 10011 | D:10     | Entered Level 10 of the Dungeon
 10017 | D:10     | Reached skill level 8 in Dodging
 10248 | D:10     | Noticed Joseph
 10250 | D:10     | Noticed a purple ugly thing
 10261 | D:10     | Killed a purple ugly thing
 10265 | D:10     | Killed Joseph
 10270 | D:10     | Reached ***** piety under Okawaru
 10418 | D:10     | Noticed Josephine
 10433 | D:10     | Killed Josephine
 10434 | D:10     | Reached XP level 11. HP: 56/89 MP: 9/11
 10438 | D:10     | Received a gift from Okawaru
 10447 | D:10     | Reached skill level 9 in Dodging
 10492 | D:10     | Found a snail-covered altar of Cheibriados.
 10763 | D:11     | Found Bobb's Magic Scroll Shoppe.
 10771 | D:11     | Bought a scroll of enchant weapon for 90 gold pieces
 10835 | D:11     | Noticed a six-headed hydra
 10844 | D:11     | Killed a three-headed hydra
 10845 | D:11     | Reached skill level 10 in Long Blades
 10884 | D:11     | Noticed a two-headed ogre
 10892 | D:11     | Killed a two-headed ogre
 10971 | D:11     | Found Bofaf's Magic Scroll Boutique.
 10979 | D:11     | Bought a scroll of enchant weapon for 112 gold pieces
 11254 | D:11     | Noticed a boulder beetle
 11277 | D:11     | Killed a boulder beetle
 11283 | D:11     | Reached skill level 10 in Fighting
 11283 | D:11     | Identified the -3 hat of the Moon {Int+3} (Okawaru gifted
                  | it to you on level 11 of the Dungeon)
 11283 | D:11     | Received a gift from Okawaru
 11826 | D:12     | Noticed a seven-headed hydra
 11834 | D:12     | Killed a four-headed hydra
 11835 | D:12     | Reached skill level 10 in Dodging
 12053 | D:12     | Noticed a two-headed ogre
 12061 | D:12     | Killed a two-headed ogre
 12121 | D:12     | Gained mutation: Your demonic aura often causes spilled
                  | blood to erupt in flames. [demonic ancestry]
 12121 | D:12     | Reached XP level 12. HP: 84/99 MP: 12/12
 12543 | Lair:1   | Entered Level 1 of the Lair of Beasts
 12603 | Lair:1   | Found a dark tunnel.
 12608 | Volcano  | Entered a volcano
 12736 | Volcano  | Reached skill level 11 in Dodging
 12744 | Volcano  | Identified the +0 tower shield of Tuenlen {Harm Int+2 Dex-5
                  | Stlth+} (Okawaru gifted it to you in a volcano)
 12744 | Volcano  | Received a gift from Okawaru
 12843 | Volcano  | Identified the +6 spear of Slow Death {freeze, rElec rC+
                  | rCorr Str+2}
 13182 | Lair:1   | Reached ****** piety under Okawaru
 13225 | Lair:1   | Gained mutation: You are weak. (Str -2) [potion of
                  | mutation]
 13225 | Lair:1   | Gained mutation: Your flesh is heat resistant. (rF+)
                  | [potion of mutation]
 13225 | Lair:1   | Gained mutation: You have hoof-like feet. [potion of
                  | mutation]
 13826 | Lair:2   | Noticed Harold
 13831 | Lair:2   | Killed Harold
 13928 | Lair:2   | Reached XP level 13. HP: 105/108 MP: 13/13
 13947 | Lair:2   | Noticed Gastronok
 13959 | Lair:2   | Killed Gastronok
 14083 | Lair:2   | Identified the +1 leather armour "Renem" {Int+3}
 14139 | Lair:2   | Noticed Nergalle
 14154 | Lair:2   | Killed Nergalle
 14221 | Lair:2   | Found a staircase to the Swamp.
 14565 | Swamp:1  | Entered Level 1 of the Swamp
 14626 | Lair:3   | Reached skill level 12 in Dodging
 14714 | Lair:3   | Found a staircase to the Snake Pit.
 15494 | Lair:4   | Identified the +0 buckler "Angyvir" {Fly rC+} (Okawaru
                  | gifted it to you on level 4 of the Lair of Beasts)
 15494 | Lair:4   | Received a gift from Okawaru
 15668 | Lair:4   | Noticed Rupert
 15680 | Lair:4   | Killed Rupert
 16175 | Lair:4   | Noticed Sonja
 16602 | Lair:5   | Reached skill level 13 in Dodging
 16636 | Lair:5   | Mutation became permanent: You have large cloven feet.
                  | [demonic ancestry]
 16636 | Lair:5   | Gained mutation: You have hoof-like feet. [demonic
                  | ancestry]
 16636 | Lair:5   | Reached XP level 14. HP: 119/119 MP: 14/14
 16647 | Lair:5   | Received a gift from Okawaru
 17179 | Lair:6   | Entered Level 6 of the Lair of Beasts
 17757 | Lair:6   | Reached skill level 1 in Spellcasting
 17917 | Lair:6   | Found a corrupted altar of Lugonu.
 17917 | Lair:6   | Found a one-way gate to the infinite horrors of the Abyss.
 18268 | Lair:6   | Found a staircase to the Slime Pits.
 18451 | Orc:1    | Entered Level 1 of the Orcish Mines
 18692 | Orc:2    | Entered Level 2 of the Orcish Mines
 18857 | Orc:2    | Found a staircase to the Elven Halls.
 18872 | Orc:2    | Reached skill level 14 in Dodging
 19175 | Orc:2    | Noticed an orc warlord
 19222 | Orc:2    | Received a gift from Okawaru
 19225 | Orc:2    | Killed an orc warlord
 19312 | Orc:2    | Found Bogod's Antique Weapon Boutique.
 19314 | Orc:2    | Found Ucainne's Antique Armour Shop.
 19529 | Orc:2    | Found Uqunef's Assorted Antiques.
 19547 | Orc:2    | Bought a scroll labelled LEUR WULUDARO for 22 gold pieces
 19547 | Orc:2    | Bought a brightly glowing leather armour for 154 gold
                  | pieces
 19547 | Orc:2    | Identified the +0 leather armour "Maesoet" {Dex+4} (You
                  | bought it in a shop on level 2 of the Orcish Mines)
 19547 | Orc:2    | Bought a clouded ruby amulet for 110 gold pieces
 19547 | Orc:2    | Identified the amulet of Xom's Bemusement {Reflect rElec
                  | rN+ Int+6 SH+5} (You bought it in a shop on level 2 of the
                  | Orcish Mines)
 19606 | Orc:2    | Found Hyck's Armour Boutique.
 19624 | Orc:2    | Gained mutation: Spells you cast may paralyse nearby
                  | enemies. [demonic ancestry]
 19624 | Orc:2    | Reached XP level 15. HP: 103/127 MP: 21/21
 19880 | D:13     | Found a frozen archway.
 19906 | IceCv    | Entered an ice cave
 20218 | IceCv    | Found the ring of the Mage {Wiz Will++ Int+3}
 20224 | IceCv    | Identified the +1 ice dragon scales of the Lobster {rElec
                  | rF- rC++ Stlth+}
 20448 | D:13     | Found a gate to the Vaults.
 20461 | D:13     | Reached skill level 5 in Spellcasting
 20725 | D:13     | Found a shimmering altar of Xom.
 20727 | D:13     | Found a shimmering altar of Xom.
 20728 | D:13     | Found a shimmering altar of Xom.
 20730 | D:13     | Found a shimmering altar of Xom.
 20731 | D:13     | Found a shimmering altar of Xom.
 20731 | D:13     | Found a shimmering altar of Xom.
 20731 | D:13     | Found a shimmering altar of Xom.
 21424 | D:14     | Found Raxe's Weapon Emporium.
 21444 | D:14     | Found Fadottu Weix's Antique Armour Shoppe.
 21465 | D:14     | Received a gift from Okawaru
 21562 | D:14     | Bought a shiny tower shield for 270 gold pieces
 21563 | D:14     | Found Juer's General Store.
 21576 | D:14     | Bought a scroll of enchant weapon for 127 gold pieces
 21667 | D:14     | Found Soviss's Jewellery Shoppe.
 21805 | D:14     | Found Urphots's Antique Weapon Boutique.
 22106 | D:15     | Entered Level 15 of the Dungeon
 22417 | D:15     | Reached skill level 15 in Dodging
 22492 | D:15     | Found a blossoming altar of Fedhas.
 22573 | D:15     | Found a staircase to the Depths.
 23266 | Elf:1    | Entered Level 1 of the Elven Halls
 23268 | Elf:1    | Identified the ring of Happiness {Contam Fly rF+ AC+4
                  | Dex+3}
 23447 | Elf:1    | Received a gift from Okawaru
 23520 | Elf:1    | Found a radiant altar of Vehumet.
 23693 | Elf:1    | Gained mutation: You have hooves in place of feet. [demonic
                  | ancestry]
 23693 | Elf:1    | Reached XP level 16. HP: 134/134 MP: 27/27
 24031 | Elf:1    | Found Memniass's Weapon Emporium.
 24241 | Elf:2    | Shot with an arrow by a deep elf archer

Illustrated notes

Levels and vault maps discovered:
D:1:      dpeg_arrival_arbitrary_a, layout_loops_ring,
          hellmonk_ecumenical_altar_dog_temple
D:2:      minmay_chambers_of_ones, layout_basic, st_stairs_9, uniq_sigmund,
          uniq_jessica, uniq_crazy_yiuf_cottage, uniq_robin
D:3:      cheibrodos_old_hovel, layout_basic,
          mainiacjoe_overflow_concentric_impassable, serial_shops, shop_statue,
          corexii_shack
D:4:      layout_rooms, mainiacjoe_overflow_chevrons, serial_shops, shop,
          grunt_ministairs_11, kennysheep_generic_room_12
D:5:      layout_rooms, general_overflow_altar, temple_statues
D:6:      layout_basic, serial_shops, shop, uniq_eustachio
D:7:      kennysheep_kobold_camp, layout_basic, mainiacjoe_overflow_alcove_1,
          amcnicky_mini_corridor_feature, glass_columns_b, kennysheep_dice,
          uniq_prince_ribbit1
D:8:      layout_basic, uniq_grum, uniq_erica
D:9:      layout_irregular_city, nicolae_ru_great_annihilating_truth,
          lair_entry_dummy, minmay_orc_entry_guard_dogs, serial_shops,
          kennysheep_mini, wad_mini_maze
D:10:     layout_cave_pools, mainiacjoe_overflow_24_doors, uniq_joseph,
          uniq_josephine
D:11:     layout_cave_pods, serial_shops, shop_statue, shop
D:12:     layout_roguey, minmay_joined_circles
D:13:     layout_stronghold, david_vaults_2, portal_ice_cave_demonic_guard,
          xom_redecorated
D:14:     layout_roguey, serial_bayou_pond_a, serial_shops,
          nicolae_inconvenience_store, shop, nicolae_shop_statue_plus, shop,
          nicolae_shop_waterfront, serial_rivers,
          chequers_serial_rivers_small_a, chequers_serial_rivers_micro_a,
          chequers_serial_rivers_micro_b, chequers_serial_rivers_room_b,
          chequers_serial_rivers_micro_a, chequers_serial_rivers_micro_b
D:15:     hangedman_depths_entry_try_elsewhere_first, layout_rooms,
          fedhas_altar_1, eino_house_with_fridge
Temple:   eino_temple_scatter_basement
Lair:1:   layout_gridlike, special_room [special_room_bee], enter_volcano_4,
          worms_lemuel
Lair:2:   layout_chaotic_city, swamp_mist, cheibrodos_lair_lostbears,
          uniq_nergalle, uniq_harold, uniq_gastronok
Lair:3:   layout_roguey, minmay_snake_entry_guardpost_small, minivault_27,
          grunt_forest_stairs_clearing, grunt_megastairs_5,
          serial_bayou_shore_a, lemuel_fruit_tree
Lair:4:   layout_gridlike, chequers_serial_rivers_large_b,
          minmay_stone_trees_medium, lemuel_fruit_fields, uniq_rupert,
          uniq_sonja
Lair:5:   layout_big_grid, st_stairs_3, minmay_lair_oklob_items,
          gammafunk_lair_bear_cave, grunt_megastairs_1
Lair:6:   hellmonk_lair_end_abyssal_woods, layout_big_grid, slime_dummy,
          minivault_26, minmay_lair_oklob_bushes, chequers_serial_rivers_small_a
Swamp:1:  layout_basic_swamp, evilmike_swamp_ruin_house_2,
          nicolae_swamp_catching_bugs, infiniplex_staircase_pool, uniq_mlioglotl
Orc:1:    layout_diamond_mine
Orc:2:    grunt_orc_community_town_hall, layout_diamond_mine,
          grunt_orc_community_big_house_1, grunt_orc_community_big_house_2,
          grunt_orc_community_house_3, grunt_orc_community_house_3,
          grunt_orc_community_house_2, grunt_orc_community_house_2,
          grunt_orc_community_house_3
Elf:1:    nicolae_elf_arrival_fired_up, layout_geoelf_octagon, serial_shops,
          shop, basic_altar, hangedman_elf_represent, hellmonk_bongcloud_opening
Elf:2:    nicolae_elf_blades_crystal_corner, layout_gridlike, serial_shops,
          nicolae_shop_temple_entry_statues_fountains,
          evilmike_spriggan_trog_shrine, uniq_louise

Skill      XL: |  1  2  3  4  5  6  7  8  9 10 11 12 13 14 15 16 |
---------------+-------------------------------------------------+-----
Long Blades    | 3 4 5 7 8 9 10 12 13 14 | 14.0
Dodging        | 3 4 6 7 8 10 11 13 14 15 | 15.6
Shields        | 1 2 4 5 6 9 |  9.8
Fighting       | 3 5 7 9 10 12 13 14 | 14.3
Spellcasting   | 4 7 8 |  8.2
Throwing       | |  1.7

Action                   |  1- 3 |  4- 6 |  7- 9 | 10-12 | 13-15 | 16-18 || total
-------------------------+-------+-------+-------+-------+-------+-------++-------
Melee: Long sword        |   109 |   114 |   432 |   137 |       |       ||   792
       Kick              |       |    22 |   129 |   248 |   686 |    29 ||  1114
       Falchion          |       |       |       |   383 |  1315 |    60 ||  1758
       Scimitar          |       |       |       |     7 |    78 |       ||    85
Throw: Throwing net      |     1 |     3 |       |       |     3 |       ||     7
Invok: Heroism           |       |       |     2 |    11 |    14 |     1 ||    28
  Use: Scroll            |     3 |     2 |     5 |    14 |     8 |     1 ||    33
       Potion            |     1 |     5 |    10 |    10 |     2 |     3 ||    31
 Stab: Sleeping          |     1 |     1 |       |     1 |    17 |     1 ||    21
       Distracted        |       |       |       |       |     2 |       ||     2
Armor: Leather armour    |    34 |    33 |    93 |    28 |       |       ||   188
       Troll leather arm |       |       |       |    43 |   119 |     1 ||   163
Dodge: Dodged            |    82 |    67 |   176 |   281 |   567 |    16 ||  1189
Block: Buckler           |     2 |    27 |   217 |   328 |   640 |    28 ||  1242
       Reflection        |       |       |       |       |    29 |     2 ||    31

Table legend: (Time is in decaauts)
 A = Elapsed time spent in this place.
 B = Non-inter-level travel time spent in this place.
 C = Inter-level travel time spent in this place.
 D = Time resting spent in this place.
 E = Time spent auto-exploring this place.
 F = Levels seen in this place.
 G = Mean time per level.
                   A        B        C        D        E       F      G
               +--------+--------+--------+--------+--------+-----+--------+
         Total |  23698 |  22674 |   1024 |      0 |  17140 |  29 |  817.2 |
       Dungeon |  15356 |  14658 |    698 |      0 |  11446 |  15 | 1023.7 |
        Temple |     66 |     57 |      9 |      0 |     44 |   1 |   66.0 |
          Lair |   5253 |   5039 |    214 |      0 |   3756 |   6 |  875.5 |
         Swamp |      1 |      1 |      0 |      0 |      0 |   1 |    1.0 |
  Orcish Mines |   1262 |   1176 |     86 |      0 |    749 |   2 |  631.0 |
   Elven Halls |    921 |    906 |     15 |      0 |    616 |   2 |  460.5 |
      Ice Cave |    461 |    461 |      0 |      0 |    288 |   1 |  461.0 |
       Volcano |    374 |    374 |      0 |      0 |    241 |   1 |  374.0 |
               +--------+--------+--------+--------+--------+-----+--------+

Top non-repeatable levels by time:
     D:7: 1937 daAuts
     D:6: 1258 daAuts
     D:1: 1205 daAuts
     D:5: 1172 daAuts
  Lair:6: 1088 daAuts
     D:8: 1053 daAuts
    D:13: 1033 daAuts
     D:9: 1027 daAuts
   Orc:2: 988 daAuts
    D:11: 942 daAuts
  Lair:4: 884 daAuts
  Lair:1: 875 daAuts
    D:15: 870 daAuts
     D:3: 869 daAuts
     D:4: 845 daAuts
